 Dungeon Crawl Stone Soup version 0.18.1-1-g2f07953 (webtiles) character file.

115 jyri the Shooter (level 4, -6/35 HPs)
             Began as a Centaur Arcane Marksman on May 7, 2016.
             Mangled by Zleub's ghost (9 damage)
             ... on level 3 of the Dungeon.
             The game lasted 00:11:37 (2775 turns).

jyri the Shooter (Centaur Arcane Marksman)          Turns: 2775, Time: 00:11:38

Health: -6/35      AC: 12    Str: 14    XL:     4   Next: 68%
Magic:  5/5        EV:  2    Int: 12    God:
Gold:   70         SH:  0    Dex:  9    Spells: 1 memorised, 4 levels left

rFire  . . .     SeeInvis .     g - +3 quarterstaff (chaos)
rCold  . . .     Gourm    .     p - +0 chain mail
rNeg   . . .     Faith    .     (shield currently unavailable)
rPois  .         Spirit   .     (no helmet)
rElec  .         Dismiss  .     s - +0 cloak
rCorr  .         Reflect  .     (no gloves)
SustAt .         Harm     .     o - +0 centaur barding
MR     .....                    l - amulet of magic regeneration
Stlth  ..........               (no ring)
                                (no ring)

@: very quick, not resistant to hostile enchantments, extremely unstealthy
A: hooves 3, deformed body, speed 2, tough skin 3
a: no special abilities


You were on level 3 of the Dungeon.
You were not hungry.

You visited 1 branch of the dungeon, and saw 3 of its levels.

You collected 70 gold pieces.

Inventory:

Hand Weapons
 a - a +0 shortbow
 e - a +0 dagger
 g - a +3 quarterstaff of chaos (weapon)
Armour
 o - a +0 centaur barding (worn)
 p - a +0 chain mail (worn)
 s - a +0 cloak (worn)
Jewellery
 l - an amulet of magic regeneration (around neck)
Scrolls
 k - 3 scrolls of remove curse {unknown}
 m - 3 scrolls of teleportation {unknown}
 n - a scroll of magic mapping {unknown}
 q - 4 scrolls of identify {unknown}
 r - a scroll of fog {unknown}
Potions
 b - 2 potions of haste {unknown}
 h - a potion of curing {unknown}
 j - a potion of magic {unknown}
Books
 c - a book of Debilitation

   Spells                             Type                      Level
   a - Corona                         Hexes                        1
   b - Slow                           Hexes                        2
   c - Gell's Gravitas                Hexes/Translocation          3
   d - Inner Flame                    Hexes/Fire                   3
   e - Cause Fear                     Hexes                        4
   f - Leda's Liquefaction            Hexes/Earth                  4
Comestibles
 f - a bread ration


   Skills:
 - Level 1.0 Fighting
 + Level 6.6 Bows
 - Level 1.3 Dodging
 - Level 1.0 Spellcasting
 - Level 2.6 Hexes


You had 4 spell levels left.
You knew the following spells:

 Your Spells              Type           Power        Failure   Level  Hunger
a - Corona                Hex            #......      100%        1    ##.....


Dungeon Overview and Level Annotations

Branches:
Dungeon (3/15)

Altars:

Annotations:
D:3 Zleub's ghost, amateur HOGl


Innate Abilities, Weirdness & Mutations

You have hooves in place of feet.
Armour fits poorly on your strangely shaped body.
You cover ground very quickly.
You have extremely tough skin (AC +3).


Message History

You sock Zleub's ghost!
Zleub's ghost flickers and vanishes!
Deactivating autopickup; reactivate with Ctrl-A.
You kick something. Something hits you but does no damage.
The adder bites you but does no damage. Something hits you but does no damage.
You barely miss the adder. The adder bites you but does no damage.
Something hits you.
* * * LOW HITPOINT WARNING * * *
The adder bites you but does no damage.
You are too injured to fight recklessly!
You are too injured to fight recklessly!
Your chain mail prevents you from hitting something.
Your kick misses something. Something hits you but does no damage.
The adder bites you but does no damage. Something hits you but does no damage.
The adder bites you but does no damage.
You miss something. Your kick misses something.
Something hits you but does no damage. The adder bites you but does no damage.
Something hits you.
* * * LOW HITPOINT WARNING * * *
You sock something! Your kick misses something. Something hits you!
You die...

.#############W#(#
.......o.....#.#(#
....o.....(#.#l#.#
.###..#W.l...#.#.#
.##..#_#.#.#o#W#.#
.##...#..#.#.#.#>#
o##......#.#o#o#.#
.##.#.##...#(#.#S#
o...#.####.#W#.#@#
#####.# #.#.o$#{#
#.#####.# #(# #.#
################.#
................(#
.####.##.#########
.####)##.#


You could see an adder.

Vanquished Creatures
  Crazy Yiuf (D:2)
  3 adders (D:2)
  A worm (D:1)
  2 dart slugs (D:1)
  A giant gecko (D:1)
  A ball python (D:2)
  4 giant cockroaches
  9 goblins
  3 hobgoblins (D:3)
  5 jackals
  3 kobolds
  5 bats
  4 giant newts
  12 rats
54 creatures vanquished.

Notes
Turn   | Place    | Note
--------------------------------------------------------------
     0 | D:1      | jyri the Centaur Arcane Marksman began the quest for the Orb.
     0 | D:1      | Reached XP level 1. HP: 16/16 MP: 2/2
    22 | D:1      | Reached skill level 3 in Bows
   195 | D:1      | Reached XP level 2. HP: 23/23 MP: 3/3
   344 | D:1      | Reached skill level 4 in Bows
   817 | D:1      | Reached XP level 3. HP: 28/28 MP: 4/4
  1014 | D:2      | Reached skill level 5 in Bows
  1688 | D:2      | Reached XP level 4. HP: 28/35 MP: 5/5
  1793 | D:2      | Noticed Crazy Yiuf
  1827 | D:2      | Killed Crazy Yiuf
  1827 | D:2      | Reached skill level 6 in Bows
  2463 | D:3      | Found a faded altar to an unknown god.
  2466 | D:3      | Noticed Zleub's ghost (amateur HOGl)
  2775 | D:3      | Mangled by Zleub's ghost

Skill      XL: |  1  2  3  4 |
---------------+-------------+-----
Bows           | 3 4 5 6 |  6.6
Fighting       | |  1.0
Dodging        | |  1.3
Spellcasting   | |  1.0
Hexes          | |  2.6

Action                   |  1- 3 |  4- 6 || total
-------------------------+-------+-------++-------
Melee: Quarterstaff      |       |     8 ||     8
       Kick              |       |     3 ||     3
 Fire: Shortbow          |   157 |    87 ||   244
  Eat: Chunk             |     1 |       ||     1
       Bread ration      |       |     1 ||     1
Armor: Robe              |     3 |       ||     3
       Chain mail        |    65 |    69 ||   134
       Leather armour    |     1 |       ||     1
Dodge: Dodged            |    11 |     4 ||    15
